Blue Jackets vs Penguins
(R1)
Created - 24 octobre 2014 at 19:01
Goals
|
| Blue Jackets |
1 |
1 |
2 |
4 |
| Penguins |
0 |
3 |
3 |
6 |
|
Shots
|
| Blue Jackets |
7 |
16 |
11 |
34 |
| Penguins |
7 |
9 |
12 |
28 |
|
1st period
1. Blue Jackets , Jan Bulis 6 (Ramzi Abid) at 16:13 (PP)
Penalties :
A.J Thelen (Clb) for Tripping (Minor) at 1:14, Bobby Ryan (Pit) for Fighting (Major) at 5:37, Jan Bulis (Clb) for Fighting (Major) at 5:37, David Booth (Clb) for High sticking (Double Minor) at 6:51, Dustin Penner (Pit) for Roughing (Minor) at 15:09, Peter Forsberg (Pit) for Hooking (Minor) at 17:09
2nd period
2. Penguins , Peter Forsberg 9 (Bobby Ryan, Jay McKee) at 6:58 (PP)
3. Penguins , Peter Forsberg 10 (Bobby Ryan, Simon Gagné) at 8:06 (PP)
4. Penguins , Dustin Penner 7 (Jay McKee) at 11:14
5. Blue Jackets , Adam Deadmarsh 5 (Branislav Mezei, Wade Redden) at 14:14
Penalties :
Paul Ranger (Pit) for Interference (Minor) at 1:28, Blake Wheeler (Clb) for Slashing (Minor) at 4:28, Adam Deadmarsh (Clb) for Roughing (Minor) at 6:47, Marcus Nilson (Clb) for Tripping (Minor) at 7:59, Peter Forsberg (Pit) for Kneeing (Major) at 17:12, Darren Reid (Pit) for Hooking (Minor) at 17:35
3rd period
6. Blue Jackets , Branislav Mezei 2 (Jan Bulis, Mathieu Garon) at 2:48 (PP)
7. Penguins , Steven Stamkos 9 (Brooks Orpik, Luke Schenn) at 15:50
8. Penguins , Darren Reid 3 (Peter Forsberg, Steve Sullivan) at 18:29
9. Blue Jackets , Adam Deadmarsh 6 (Chris Kelly, Ramzi Abid) at 18:45
10. Penguins , Brent Sopel 4 (Bobby Ryan) at 19:53 (Empty Net)
Penalties :
Simon Gagné (Pit) for Tripping (Minor) at 2:31, Chris Kelly (Clb) for Hooking (Minor) at 15:57
Goalie Stats
Mathieu Garon (Clb), 22 saves from 27 shots - (0,815), L, 0-1-0, 59:08 minutes
Josh Tordjman (Pit), 30 saves from 34 shots - (0,882), W, 4-2-0, 60:00 minutes
Players Stats for Blue Jackets
Player Name G A P +/- PIM S H SB GA TA FO MP PP MP PK MP
------------------------------------------------------------------------------------
A.J Thelen 0 0 0 -1 2 2 2 0 0 1 0/0 10:43 0:00 0:10
Adam Deadmarsh 2 0 2 1 2 3 2 0 0 0 0/0 8:23 0:07 0:00
Blake Wheeler 0 0 0 -2 2 1 0 1 0 0 1/1 19:46 4:49 2:37
Brad Stuart 0 0 0 -1 0 1 3 0 0 0 0/0 19:53 3:59 4:02
Branislav Mezei 1 1 2 0 0 3 4 5 0 2 0/0 29:55 6:19 6:02
Chris Kelly 0 1 1 1 2 1 0 0 0 0 5/9 9:54 0:07 1:14
Dave Steckel 0 0 0 0 0 1 0 0 0 1 1/1 6:45 0:00 0:00
David Booth 0 0 0 -1 4 3 0 1 1 0 2/4 21:21 5:22 3:41
François Beauchemin 0 0 0 -2 0 0 0 0 0 0 0/0 19:57 3:59 4:02
Jan Bulis 1 1 2 -2 5 2 1 0 0 0 7/11 16:27 4:49 0:04
Jason Ward 0 0 0 0 0 2 0 0 0 0 0/0 6:26 0:00 0:00
Jeff Taffe 0 0 0 0 0 2 0 0 0 0 0/1 9:17 0:00 2:46
Marc Savard 0 0 0 -1 0 5 1 0 0 0 19/36 23:00 5:22 5:24
Marcus Nilson 0 0 0 -2 2 1 3 0 0 1 0/0 14:04 0:08 1:21
Mike Commodore 0 0 0 0 0 2 2 2 0 0 0/0 9:56 0:00 0:10
Pavel Bure 0 0 0 -1 0 3 3 0 0 0 1/3 21:16 5:21 3:25
Ramzi Abid 0 2 2 1 0 1 0 0 0 1 0/0 12:45 4:49 0:00
Wade Redden 0 1 1 0 0 1 0 0 0 1 0/0 29:55 6:19 6:02
Players Stats for Penguins
Player Name G A P +/- PIM S H SB GA TA FO MP PP MP PK MP
------------------------------------------------------------------------------------
Bobby Ryan 0 3 3 1 5 2 0 1 0 0 1/2 17:38 3:46 2:22
Brent Sopel 1 0 1 -1 0 1 3 3 1 0 0/0 29:28 5:38 6:22
Brian McGrattan 0 0 0 0 0 0 0 0 1 0 0/0 10:07 0:47 2:35
Brooks Orpik 0 1 1 1 0 1 1 0 0 0 0/0 22:50 5:56 3:48
Darren Reid 1 0 1 1 2 2 2 0 1 0 0/0 17:13 1:33 4:58
Denis Arkhipov 0 0 0 1 0 1 1 0 0 0 6/15 13:29 0:08 5:40
Dustin Penner 1 0 1 0 2 2 1 0 0 0 0/0 12:54 1:01 0:58
Jay McKee 0 2 2 -1 0 1 1 4 0 1 0/0 28:10 4:09 6:22
Luke Schenn 0 1 1 1 0 1 0 1 0 0 0/0 17:48 4:09 0:00
Nathan Horton 0 0 0 1 0 0 1 0 0 0 1/2 15:42 4:06 0:00
Paul Ranger 0 0 0 2 2 1 0 0 0 0 0/0 9:26 0:27 0:13
Peter Forsberg 2 1 3 0 7 3 2 0 1 0 12/21 15:24 5:18 0:49
Raffi Torres 0 0 0 0 0 0 0 0 0 0 0/0 7:06 0:36 0:00
Ryan Kesler 0 0 0 0 0 1 0 0 0 0 5/16 14:42 4:06 0:00
Sean Zimmerman 0 0 0 2 0 1 0 5 1 0 0/0 12:32 0:09 3:51
Simon Gagné 0 1 1 1 2 2 0 0 0 0 1/1 16:58 5:15 0:00
Steve Sullivan 0 1 1 0 0 1 2 0 0 0 0/0 9:05 0:00 0:00
Steven Stamkos 1 0 1 1 0 8 0 1 2 0 4/9 17:04 4:06 1:14
3 Stars
1 - Branislav Mezei (Clb)
2 - Adam Deadmarsh (Clb)
3 - Peter Forsberg (Pit)
Power Play
Blue Jackets - 2 on 6 Attempt(s) - 33,33%
Penguins - 2 on 7 Attempt(s) - 28,57%
Penalty Kill
Blue Jackets - 5 on 7 Attempt(s) - 71,43%
- Score 0 goal in Penalty Kill
Penguins - 4 on 6 Attempt(s) - 66,67%
- Score 0 goal in Penalty Kill
Official
Referees : Lee Chris and Walkom Stephen
Linesman : Michel Cormier and Steve Miller
Game Notes
Bobby Ryan beats up Jan Bulis at 5:37 of 1st period
Mike Commodore is injured at 13:17 of 3rd period (Left Knee)
Brent Sopel has scored in a empty net!
Finance
Level 1 -- Attendance: 5919 (98,65%) -- Ticket Income 467 601 $
Level 2 -- Attendance: 4536 (90,72%) -- Ticket Income 204 120 $
Level 3 -- Attendance: 1818 (90,90%) -- Ticket Income 56 358 $
Level 4 -- Attendance: 3738 (93,45%) -- Ticket Income 59 808 $
Luxury Box -- Attendance: 923 (92,30%) -- Ticket Income 154 141 $
Game was played at the Igloo
Total Attendance: 16934 (94,08%)
Total Ticket Income: 942 028 $
Other Income: 141 304 $
Total Income: 1 083 332 $
Blue Jackets
5 vs 5 Forward
Center Left Wing Right Wing Time % Phy DF OF
1 Marc Savard David Booth Pavel Bure 40 1 2 2
2 Jan Bulis Marcus Nilson Blake Wheeler 30 1 2 2
3 Chris Kelly Ramzi Abid Adam Deadmarsh 20 1 2 2
4 Dave Steckel Jeff Taffe Jason Ward 10 1 2 2
5 vs 5 Defense
Defense Defense Time % Phy DF OF
1 Branislav Mezei Wade Redden 40 1 2 2
2 François Beauchemin Brad Stuart 30 1 2 2
3 Mike Commodore A.J Thelen 20 1 2 2
4 Branislav Mezei Wade Redden 10 1 2 2
PowerPlay Forward
Center Left Wing Right Wing Time % Phy DF OF
1 Marc Savard David Booth Pavel Bure 60 1 2 2
2 Jan Bulis Ramzi Abid Blake Wheeler 40 1 2 2
PowerPlay Defense
Defense Defense Time % Phy DF OF
1 Branislav Mezei Wade Redden 60 1 2 2
2 François Beauchemin Brad Stuart 40 1 2 2
Penalty Kill 4 Players Forward
Center Wing Time % Phy DF OF
1 Marc Savard David Booth 60 1 2 2
2 Pavel Bure Blake Wheeler 40 1 2 2
Penalty Kill 4 Players Defense
Defense Defense Time % Phy DF OF
1 Branislav Mezei Wade Redden 60 1 2 2
2 François Beauchemin Brad Stuart 40 1 2 2
Penalty Kill - 3 Players Forward
Forward Time % Phy DF OF
1 Marc Savard 60 1 2 2
2 David Booth 40 1 2 2
Penalty Kill - 3 Players Defense
Defense Defense Time % Phy DF OF
1 Branislav Mezei Wade Redden 60 1 2 2
2 François Beauchemin Brad Stuart 40 1 2 2
4 vs 4 Forward
Center Wing Time % Phy DF OF
1 Marc Savard David Booth 60 1 2 2
2 Pavel Bure Blake Wheeler 40 1 2 2
4 vs 4 Defense
Defense Defense Time % Phy DF OF
1 Branislav Mezei Wade Redden 60 1 2 2
2 François Beauchemin Brad Stuart 40 1 2 2
Last Minutes Offensive
Center Left Wing Right Wing Defense Defense
Marc Savard David Booth Pavel Bure Branislav Mezei Wade Redden
Last Minutes Defensive
Center Left Wing Right Wing Defense Defense
Marc Savard David Booth Pavel Bure Branislav Mezei Wade Redden
Goaltenders
Starting : Mathieu Garon
Backup : Rick DiPietro
Extra Forwards
Normal : Marcus Nilson, Chris Kelly, Jeff Taffe - PP : Marcus Nilson, Chris Kelly - PK : Jeff Taffe
Extra Defensemen
Normal : Mike Commodore, A.J Thelen, François Beauchemin - PP : Mike Commodore - PK : A.J Thelen, François Beauchemin
Penalty Shots
Marc Savard, David Booth, Pavel Bure, Blake Wheeler, Ramzi Abid
Penguins
5 vs 5 Forward
Center Left Wing Right Wing Time % Phy DF OF
1 Ryan Kesler Dustin Penner Bobby Ryan 35 1 2 2
2 Steven Stamkos Simon Gagné Nathan Horton 30 1 2 2
3 Peter Forsberg Steve Sullivan Darren Reid 30 1 2 2
4 Denis Arkhipov Raffi Torres Brian McGrattan 5 1 2 2
5 vs 5 Defense
Defense Defense Time % Phy DF OF
1 Jay McKee Brent Sopel 40 1 2 2
2 Brooks Orpik Luke Schenn 35 1 2 2
3 Paul Ranger Sean Zimmerman 20 1 2 2
4 Brent Sopel Brooks Orpik 5 1 2 2
PowerPlay Forward
Center Left Wing Right Wing Time % Phy DF OF
1 Peter Forsberg Simon Gagné Bobby Ryan 60 1 0 4
2 Ryan Kesler Steven Stamkos Nathan Horton 40 1 0 4
PowerPlay Defense
Defense Defense Time % Phy DF OF
1 Brooks Orpik Brent Sopel 60 1 1 3
2 Jay McKee Luke Schenn 40 1 1 3
Penalty Kill 4 Players Forward
Center Wing Time % Phy DF OF
1 Denis Arkhipov Darren Reid 60 1 3 1
2 Peter Forsberg Bobby Ryan 40 1 3 1
Penalty Kill 4 Players Defense
Defense Defense Time % Phy DF OF
1 Jay McKee Brent Sopel 60 1 3 1
2 Brooks Orpik Sean Zimmerman 40 1 3 1
Penalty Kill - 3 Players Forward
Forward Time % Phy DF OF
1 Denis Arkhipov 60 1 3 1
2 Darren Reid 40 1 3 1
Penalty Kill - 3 Players Defense
Defense Defense Time % Phy DF OF
1 Jay McKee Brent Sopel 60 1 3 1
2 Brooks Orpik Sean Zimmerman 40 1 3 1
4 vs 4 Forward
Center Wing Time % Phy DF OF
1 Peter Forsberg Simon Gagné 60 1 2 2
2 Ryan Kesler Bobby Ryan 40 1 2 2
4 vs 4 Defense
Defense Defense Time % Phy DF OF
1 Brooks Orpik Brent Sopel 60 1 2 2
2 Jay McKee Luke Schenn 40 1 2 2
Last Minutes Offensive
Center Left Wing Right Wing Defense Defense
Ryan Kesler Simon Gagné Bobby Ryan Brent Sopel Jay McKee
Last Minutes Defensive
Center Left Wing Right Wing Defense Defense
Denis Arkhipov Darren Reid Bobby Ryan Brent Sopel Jay McKee
Goaltenders
Starting : Josh Tordjman
Backup : Brian Elliott
Extra Forwards
Normal : Darren Reid, Denis Arkhipov, Brian McGrattan - PP : Darren Reid, Dustin Penner - PK : Brian McGrattan
Extra Defensemen
Normal : Paul Ranger, Brent Sopel, Jay McKee - PP : Paul Ranger - PK : Brent Sopel, Jay McKee
Penalty Shots
Peter Forsberg, Ryan Kesler, Simon Gagné, Bobby Ryan, Steven Stamkos
% Time on Ice - Blue Jackets
Lines # - Real PCT - Wanted PCT - Time Play
Normal Forward
1 - 30% - 40% - 11:38
2 - 32% - 30% - 12:14
3 - 21% - 20% - 8:02
4 - 17% - 10% - 6:26
Normal Defense
1 - 43% - 40% - 16:26
2 - 31% - 30% - 11:45
3 - 26% - 20% - 10:09
4 - 0% - 10% - 0:00
PP Forward
1 - 53% - 60% - 5:29
2 - 47% - 40% - 4:49
PP Defense
1 - 61% - 60% - 6:19
2 - 39% - 40% - 3:59
PK Forward
1 - 67% - 60% - 6:49
2 - 33% - 40% - 3:25
PK Defense
1 - 59% - 60% - 6:02
2 - 41% - 40% - 4:12
PK3 Forward
1 - 0% - 60%
2 - 0% - 40%
PK3 Defense
1 - 0% - 60%
2 - 0% - 40%
44 Forward
1 - 0% - 60%
2 - 0% - 40%
44 Defense
1 - 0% - 60%
2 - 0% - 40%
Last Minute Offensive - 1:08
Last Minute Defensive - 0:00
Total
Forward - 60:00
Defense - 60:00
|
% Time on Ice - Penguins
Lines # - Real PCT - Wanted PCT - Time Play
Normal Forward
1 - 29% - 35% - 11:09
2 - 30% - 30% - 11:36
3 - 24% - 30% - 9:05
4 - 17% - 5% - 6:30
Normal Defense
1 - 41% - 40% - 15:54
2 - 36% - 35% - 13:39
3 - 22% - 20% - 8:32
4 - 1% - 5% - 0:15
PP Forward
1 - 60% - 60% - 6:08
2 - 40% - 40% - 4:06
PP Defense
1 - 59% - 60% - 6:05
2 - 41% - 40% - 4:09
PK Forward
1 - 71% - 60% - 5:53
2 - 29% - 40% - 2:26
PK Defense
1 - 66% - 60% - 5:29
2 - 34% - 40% - 2:50
PK3 Forward
1 - 55% - 60% - 1:06
2 - 45% - 40% - 0:53
PK3 Defense
1 - 55% - 60% - 1:06
2 - 45% - 40% - 0:53
44 Forward
1 - 0% - 60%
2 - 0% - 40%
44 Defense
1 - 0% - 60%
2 - 0% - 40%
Last Minute Offensive - 0:00
Last Minute Defensive - 1:08
Total
Forward - 60:00
Defense - 60:00
|
Play by Play
1st period
0:01 of 1st period - David Booth wins face-off versus Ryan Kesler in neutral zone.
0:06 of 1st period - Jay McKee is hit by Pavel Bure and loses puck.
0:38 of 1st period - Snap shot by Bobby Ryan.
0:38 of 1st period - Stopped by Mathieu Garon with a rebound.
1:14 of 1st period - Minor Penalty to A.J Thelen for Tripping.
1:15 of 1st period - Peter Forsberg wins face-off versus Marc Savard in Blue Jackets zone.
1:39 of 1st period - Jay McKee is hit by Branislav Mezei and loses puck.
2:06 of 1st period - Icing by Brent Sopel.
2:07 of 1st period - Peter Forsberg wins face-off versus Pavel Bure in Penguins zone.
3:14 of 1st period - Penalty to A.J Thelen is over, A.J Thelen is back on ice.
3:16 of 1st period - Wrist shot by Blake Wheeler.
3:16 of 1st period - Shot Blocked by Brent Sopel.
3:24 of 1st period - Branislav Mezei is hit by Brent Sopel and loses puck.
3:38 of 1st period - Off-side.
3:39 of 1st period - Chris Kelly wins face-off versus Peter Forsberg in neutral zone.
4:15 of 1st period - Slapshot by Steven Stamkos.
4:15 of 1st period - Stopped by Mathieu Garon with a rebound.
4:39 of 1st period - Snap shot by Marc Savard.
4:39 of 1st period - Stopped by Josh Tordjman without a rebound.
4:40 of 1st period - Jan Bulis wins face-off versus Steven Stamkos in Penguins zone.
5:27 of 1st period - Off-side.
5:28 of 1st period - Ryan Kesler wins face-off versus Jan Bulis in neutral zone.
5:32 of 1st period - Icing by A.J Thelen.
5:33 of 1st period - Jan Bulis wins face-off versus Ryan Kesler in Blue Jackets zone.
5:37 of 1st period - Bobby Ryan beats up Jan Bulis.
5:37 of 1st period - Penalty to Bobby Ryan for Fighting.
5:37 of 1st period - Penalty to Jan Bulis for Fighting.
5:38 of 1st period - Marc Savard wins face-off versus Ryan Kesler in Blue Jackets zone.
5:49 of 1st period - Snap shot by Pavel Bure.
5:49 of 1st period - Shot Blocked by Brent Sopel.
5:51 of 1st period - Slapshot by Brad Stuart.
5:51 of 1st period - Stopped by Josh Tordjman with a rebound.
6:05 of 1st period - Blake Wheeler is hit by Brent Sopel and loses puck.
6:29 of 1st period - Off-side.
6:30 of 1st period - Peter Forsberg wins face-off versus Marc Savard in neutral zone.
6:51 of 1st period - Double Minor Penalty to David Booth for High sticking.
6:52 of 1st period - Peter Forsberg wins face-off versus Marc Savard in Blue Jackets zone.
6:53 of 1st period - Snap shot by Simon Gagné.
6:53 of 1st period - Stopped by Mathieu Garon with a rebound.
7:07 of 1st period - Snap shot by Simon Gagné.
7:07 of 1st period - Shot Blocked by Branislav Mezei.
7:26 of 1st period - Icing by Brooks Orpik.
7:27 of 1st period - Marc Savard wins face-off versus Nathan Horton in Penguins zone.
8:53 of 1st period - Blake Wheeler is hit by Darren Reid and loses puck.
10:37 of 1st period - Penalty to Jan Bulis is over, Jan Bulis is back on ice.
10:46 of 1st period - Peter Forsberg is hit by Mike Commodore and loses puck.
10:51 of 1st period - Penalty to David Booth is over, David Booth is back on ice.
11:06 of 1st period - Luke Schenn is hit by A.J Thelen and loses puck.
11:26 of 1st period - Sean Zimmerman is hit by Marcus Nilson and loses puck.
12:01 of 1st period - Bobby Ryan is hit by Adam Deadmarsh and loses puck.
12:12 of 1st period - Slapshot by Steven Stamkos.
12:12 of 1st period - Stopped by Mathieu Garon with a rebound.
12:14 of 1st period - Snap shot by Simon Gagné.
12:14 of 1st period - Shot Misses the Net.
12:16 of 1st period - Backhand shot by Sean Zimmerman.
12:16 of 1st period - Stopped by Mathieu Garon without a rebound.
12:17 of 1st period - Jan Bulis wins face-off versus Steven Stamkos in Blue Jackets zone.
12:31 of 1st period - Wrist shot by Simon Gagné.
12:31 of 1st period - Stopped by Mathieu Garon without a rebound.
12:32 of 1st period - Marc Savard wins face-off versus Peter Forsberg in Blue Jackets zone.
12:43 of 1st period - Snap shot by David Booth.
12:43 of 1st period - Shot Misses the Net.
12:45 of 1st period - Wrist shot by Marc Savard.
12:45 of 1st period - Stopped by Josh Tordjman without a rebound.
12:46 of 1st period - Blake Wheeler wins face-off versus Ryan Kesler in Penguins zone.
13:38 of 1st period - Icing by Luke Schenn.
13:39 of 1st period - Nathan Horton wins face-off versus Chris Kelly in Penguins zone.
14:05 of 1st period - Jay McKee is hit by Brad Stuart.
14:17 of 1st period - Snap shot by Marc Savard.
14:17 of 1st period - Shot Blocked by Jay McKee.
14:33 of 1st period - Snap shot by Darren Reid.
14:33 of 1st period - Shot Misses the Net.
14:35 of 1st period - Slapshot by Jay McKee.
14:35 of 1st period - Stopped by Mathieu Garon without a rebound.
14:36 of 1st period - Marc Savard wins face-off versus Peter Forsberg in Blue Jackets zone.
14:49 of 1st period - Wrist shot by Peter Forsberg.
14:49 of 1st period - Shot Misses the Net.
15:09 of 1st period - Minor Penalty to Dustin Penner for Roughing.
15:10 of 1st period - Marc Savard wins face-off versus Denis Arkhipov in Penguins zone.
15:19 of 1st period - Wrist shot by David Booth.
15:19 of 1st period - Stopped by Josh Tordjman with a rebound.
15:21 of 1st period - Snap shot by Pavel Bure.
15:21 of 1st period - Stopped by Josh Tordjman without a rebound.
15:22 of 1st period - Denis Arkhipov wins face-off versus Marc Savard in Penguins zone.
15:22 of 1st period - Denis Arkhipov is hit by Branislav Mezei.
15:59 of 1st period - Slapshot by Branislav Mezei.
15:59 of 1st period - Shot Misses the Net.
16:01 of 1st period - Slapshot by Ramzi Abid.
16:01 of 1st period - Shot Blocked by Sean Zimmerman.
16:03 of 1st period - Slapshot by Ramzi Abid.
16:03 of 1st period - Shot Misses the Net.
16:05 of 1st period - Snap shot by Blake Wheeler.
16:05 of 1st period - Deflect By Jan Bulis.
16:05 of 1st period - Shot Blocked by Sean Zimmerman.
16:05 of 1st period - Puck is out of play.
16:06 of 1st period - Jan Bulis wins face-off versus Denis Arkhipov in Penguins zone.
16:13 of 1st period - Slapshot by Jan Bulis.
16:13 of 1st period - Goal by Jan Bulis - Blue Jackets : 1 - Penguins : 0.
16:14 of 1st period - Pavel Bure wins face-off versus Steven Stamkos in neutral zone.
16:17 of 1st period - Slapshot by Wade Redden.
16:17 of 1st period - Stopped by Josh Tordjman with a rebound.
16:47 of 1st period - Snap shot by Blake Wheeler.
16:47 of 1st period - Deflect By Jan Bulis.
16:47 of 1st period - Shot Blocked by Brent Sopel.
16:47 of 1st period - Puck is out of play.
16:48 of 1st period - Jan Bulis wins face-off versus Peter Forsberg in Penguins zone.
17:09 of 1st period - Minor Penalty to Peter Forsberg for Hooking.
17:10 of 1st period - Denis Arkhipov wins face-off versus Pavel Bure in Penguins zone.
18:12 of 1st period - Bobby Ryan is hit by Pavel Bure and loses puck.
19:09 of 1st period - Penalty to Peter Forsberg is over, Peter Forsberg is back on ice.
19:21 of 1st period - François Beauchemin is hit by Brooks Orpik and loses puck.
Goals for this period are 1 for Blue Jackets vs 0 for Penguins.
Shots for this period are 7 for Blue Jackets vs 7 for Penguins.
2nd period
0:01 of 2nd period - Ryan Kesler wins face-off versus Marc Savard in neutral zone.
0:32 of 2nd period - Slapshot by Jan Bulis.
0:32 of 2nd period - Shot Misses the Net.
0:50 of 2nd period - Darren Reid is hit by Mike Commodore and loses puck.
0:57 of 2nd period - Snap shot by Steve Sullivan.
0:57 of 2nd period - Shot Misses the Net.
1:17 of 2nd period - Snap shot by Dave Steckel.
1:17 of 2nd period - Stopped by Josh Tordjman with a rebound.
1:19 of 2nd period - Slapshot by Mike Commodore.
1:19 of 2nd period - Deflect By Denis Arkhipov.
1:19 of 2nd period - Stopped by Josh Tordjman without a rebound.
1:20 of 2nd period - Marc Savard wins face-off versus Ryan Kesler in Penguins zone.
1:28 of 2nd period - Minor Penalty to Paul Ranger for Interference.
1:29 of 2nd period - Denis Arkhipov wins face-off versus Marc Savard in Penguins zone.
1:59 of 2nd period - Wrist shot by Bobby Ryan.
1:59 of 2nd period - Shot Blocked by Branislav Mezei.
2:37 of 2nd period - Jan Bulis is hit by Peter Forsberg and loses puck.
3:28 of 2nd period - Penalty to Paul Ranger is over, Paul Ranger is back on ice.
3:28 of 2nd period - Brian McGrattan is hit by Marcus Nilson.
3:37 of 2nd period - Marcus Nilson is hit by Brent Sopel and loses puck.
3:42 of 2nd period - Snap shot by Dustin Penner.
3:42 of 2nd period - Stopped by Mathieu Garon without a rebound.
3:43 of 2nd period - Steven Stamkos wins face-off versus Jeff Taffe in Blue Jackets zone.
3:56 of 2nd period - Wrist shot by Steven Stamkos.
3:56 of 2nd period - Shot Misses the Net.
3:58 of 2nd period - Wrist shot by Nathan Horton.
3:58 of 2nd period - Shot Misses the Net.
4:08 of 2nd period - Darren Reid is hit by A.J Thelen and loses puck.
4:13 of 2nd period - Snap shot by Chris Kelly.
4:13 of 2nd period - Shot Misses the Net.
4:28 of 2nd period - Minor Penalty to Blake Wheeler for Slashing.
4:29 of 2nd period - Bobby Ryan wins face-off versus Marc Savard in Blue Jackets zone.
4:42 of 2nd period - Slapshot by Marc Savard.
4:42 of 2nd period - Stopped by Josh Tordjman without a rebound.
4:43 of 2nd period - Marc Savard wins face-off versus Peter Forsberg in Penguins zone.
4:54 of 2nd period - Snap shot by Bobby Ryan.
4:54 of 2nd period - Shot Misses the Net.
5:08 of 2nd period - Brooks Orpik is hit by Pavel Bure and loses puck.
5:31 of 2nd period - François Beauchemin is hit by Peter Forsberg and loses puck.
6:28 of 2nd period - Penalty to Blake Wheeler is over, Blake Wheeler is back on ice.
6:40 of 2nd period - Snap shot by Chris Kelly.
6:40 of 2nd period - Shot Misses the Net.
6:47 of 2nd period - Minor Penalty to Adam Deadmarsh for Roughing.
6:48 of 2nd period - Marc Savard wins face-off versus Peter Forsberg in Blue Jackets zone.
6:54 of 2nd period - Snap shot by Bobby Ryan.
6:54 of 2nd period - Shot Blocked by David Booth.
6:56 of 2nd period - Snap shot by Bobby Ryan.
6:56 of 2nd period - Shot Misses the Net.
6:58 of 2nd period - Wrist shot by Peter Forsberg.
6:58 of 2nd period - Goal by Peter Forsberg - Blue Jackets : 1 - Penguins : 1.
6:59 of 2nd period - Marc Savard wins face-off versus Ryan Kesler in neutral zone.
7:14 of 2nd period - Wrist shot by Bobby Ryan.
7:14 of 2nd period - Deflect By Ryan Kesler.
7:14 of 2nd period - Deflect By Wade Redden.
7:14 of 2nd period - Shot Misses the Net.
7:14 of 2nd period - Puck is out of play.
7:15 of 2nd period - Jan Bulis wins face-off versus Steven Stamkos in Blue Jackets zone.
7:26 of 2nd period - Snap shot by Steven Stamkos.
7:26 of 2nd period - Stopped by Mathieu Garon without a rebound.
7:27 of 2nd period - Ryan Kesler wins face-off versus Marc Savard in Blue Jackets zone.
7:59 of 2nd period - Minor Penalty to Marcus Nilson for Tripping.
8:00 of 2nd period - Peter Forsberg wins face-off versus Marc Savard in Blue Jackets zone.
8:06 of 2nd period - Wrist shot by Peter Forsberg.
8:06 of 2nd period - Goal by Peter Forsberg - Blue Jackets : 1 - Penguins : 2.
8:07 of 2nd period - Ryan Kesler wins face-off versus Marc Savard in neutral zone.
8:14 of 2nd period - Snap shot by Marc Savard.
8:14 of 2nd period - Stopped by Josh Tordjman with a rebound.
8:16 of 2nd period - Wrist shot by David Booth.
8:16 of 2nd period - Shot Misses the Net.
8:20 of 2nd period - Backhand shot by David Booth.
8:20 of 2nd period - Stopped by Josh Tordjman with a rebound.
8:22 of 2nd period - Wrist shot by Pavel Bure.
8:22 of 2nd period - Stopped by Josh Tordjman without a rebound.
8:23 of 2nd period - Steven Stamkos wins face-off versus Jan Bulis in Penguins zone.
8:23 of 2nd period - Steven Stamkos is hit by Jan Bulis.
8:31 of 2nd period - Off-side.
8:32 of 2nd period - Steven Stamkos wins face-off versus Jan Bulis in neutral zone.
8:56 of 2nd period - Snap shot by Jan Bulis.
8:56 of 2nd period - Shot Misses the Net.
8:58 of 2nd period - Snap shot by Blake Wheeler.
8:58 of 2nd period - Shot Misses the Net.
9:00 of 2nd period - Wrist shot by Marcus Nilson.
9:00 of 2nd period - Shot Misses the Net.
9:02 of 2nd period - Snap shot by Blake Wheeler.
9:02 of 2nd period - Stopped by Josh Tordjman without a rebound.
9:03 of 2nd period - Marc Savard wins face-off versus Ryan Kesler in Penguins zone.
9:28 of 2nd period - Luke Schenn is hit by Brad Stuart and loses puck.
9:33 of 2nd period - Wrist shot by Jason Ward.
9:33 of 2nd period - Shot Blocked by Luke Schenn.
9:35 of 2nd period - Wrist shot by Branislav Mezei.
9:35 of 2nd period - Shot Misses the Net.
10:17 of 2nd period - Snap shot by Simon Gagné.
10:17 of 2nd period - Shot Blocked by Mike Commodore.
10:39 of 2nd period - Snap shot by Denis Arkhipov.
10:39 of 2nd period - Stopped by Mathieu Garon without a rebound.
10:40 of 2nd period - Peter Forsberg wins face-off versus Marc Savard in Blue Jackets zone.
10:41 of 2nd period - Wrist shot by Darren Reid.
10:41 of 2nd period - Deflect By Steve Sullivan.
10:41 of 2nd period - Deflect By Branislav Mezei.
10:41 of 2nd period - Shot Blocked by Branislav Mezei.
10:41 of 2nd period - Puck is out of play.
10:42 of 2nd period - Marc Savard wins face-off versus Peter Forsberg in Blue Jackets zone.
11:07 of 2nd period - Jay McKee is hit by Branislav Mezei and loses puck.
11:14 of 2nd period - Wrist shot by Dustin Penner.
11:14 of 2nd period - Goal by Dustin Penner - Blue Jackets : 1 - Penguins : 3.
11:15 of 2nd period - David Booth wins face-off versus Peter Forsberg in neutral zone.
12:07 of 2nd period - Jay McKee is hit by Adam Deadmarsh and loses puck.
12:24 of 2nd period - Snap shot by Pavel Bure.
12:24 of 2nd period - Stopped by Josh Tordjman with a rebound.
12:26 of 2nd period - Wrist shot by Pavel Bure.
12:26 of 2nd period - Shot Blocked by Jay McKee.
12:28 of 2nd period - Slapshot by A.J Thelen.
12:28 of 2nd period - Stopped by Josh Tordjman with a rebound.
12:44 of 2nd period - Snap shot by Marcus Nilson.
12:44 of 2nd period - Shot Misses the Net.
12:46 of 2nd period - Snap shot by Marcus Nilson.
12:46 of 2nd period - Shot Misses the Net.
12:58 of 2nd period - Snap shot by Dave Steckel.
12:58 of 2nd period - Shot Misses the Net.
13:08 of 2nd period - Snap shot by Jason Ward.
13:08 of 2nd period - Stopped by Josh Tordjman with a rebound.
13:18 of 2nd period - Ramzi Abid is hit by Jay McKee and loses puck.
13:54 of 2nd period - Slapshot by Jay McKee.
13:54 of 2nd period - Shot Misses the Net.
14:12 of 2nd period - Slapshot by Branislav Mezei.
14:12 of 2nd period - Stopped by Josh Tordjman with a rebound.
14:14 of 2nd period - Wrist shot by Adam Deadmarsh.
14:14 of 2nd period - Goal by Adam Deadmarsh - Blue Jackets : 2 - Penguins : 3.
14:15 of 2nd period - Marc Savard wins face-off versus Steven Stamkos in neutral zone.
15:01 of 2nd period - Wrist shot by Dave Steckel.
15:01 of 2nd period - Shot Misses the Net.
15:03 of 2nd period - Slapshot by Mike Commodore.
15:03 of 2nd period - Stopped by Josh Tordjman without a rebound.
15:04 of 2nd period - Dave Steckel wins face-off versus Denis Arkhipov in Penguins zone.
15:17 of 2nd period - Slapshot by Jeff Taffe.
15:17 of 2nd period - Stopped by Josh Tordjman with a rebound.
15:20 of 2nd period - Icing by Luke Schenn.
15:21 of 2nd period - Marc Savard wins face-off versus Denis Arkhipov in Penguins zone.
15:26 of 2nd period - Wrist shot by David Booth.
15:26 of 2nd period - Stopped by Josh Tordjman without a rebound.
15:27 of 2nd period - Steven Stamkos wins face-off versus Marc Savard in Penguins zone.
15:32 of 2nd period - Snap shot by Steven Stamkos.
15:32 of 2nd period - Stopped by Mathieu Garon with a rebound.
15:52 of 2nd period - Blake Wheeler is hit by Steve Sullivan and loses puck.
16:15 of 2nd period - Wrist shot by Ryan Kesler.
16:15 of 2nd period - Stopped by Mathieu Garon without a rebound.
16:16 of 2nd period - Chris Kelly wins face-off versus Ryan Kesler in Blue Jackets zone.
16:49 of 2nd period - Slapshot by Steven Stamkos.
16:49 of 2nd period - Stopped by Mathieu Garon without a rebound.
16:50 of 2nd period - Marc Savard wins face-off versus Peter Forsberg in Blue Jackets zone.
16:50 of 2nd period - Marc Savard is hit by Steve Sullivan.
16:58 of 2nd period - Slapshot by David Booth.
16:58 of 2nd period - Shot Misses the Net.
17:00 of 2nd period - Snap shot by Branislav Mezei.
17:00 of 2nd period - Shot Misses the Net.
17:02 of 2nd period - Backhand shot by Branislav Mezei.
17:02 of 2nd period - Shot Blocked by Jay McKee.
17:04 of 2nd period - Slapshot by Branislav Mezei.
17:04 of 2nd period - Stopped by Josh Tordjman with a rebound.
17:12 of 2nd period - Major Penalty to Peter Forsberg for Kneeing.
17:13 of 2nd period - Denis Arkhipov wins face-off versus Marc Savard in Penguins zone.
17:13 of 2nd period - Denis Arkhipov is hit by Marc Savard.
17:35 of 2nd period - Minor Penalty to Darren Reid for Hooking.
17:36 of 2nd period - Denis Arkhipov wins face-off versus Marc Savard in Penguins zone.
19:35 of 2nd period - Penalty to Darren Reid is over, Darren Reid is back on ice.
19:50 of 2nd period - Brad Stuart is hit by Darren Reid and loses puck.
Goals for this period are 1 for Blue Jackets vs 3 for Penguins.
Shots for this period are 16 for Blue Jackets vs 9 for Penguins.
3rd period
0:01 of 3rd period - Marc Savard wins face-off versus Denis Arkhipov in neutral zone.
0:36 of 3rd period - Off-side.
0:37 of 3rd period - Marc Savard wins face-off versus Denis Arkhipov in neutral zone.
0:40 of 3rd period - Snap shot by David Booth.
0:40 of 3rd period - Shot Blocked by Sean Zimmerman.
1:14 of 3rd period - Snap shot by Ramzi Abid.
1:14 of 3rd period - Shot Blocked by Bobby Ryan.
2:12 of 3rd period - Penalty to Peter Forsberg is over, Peter Forsberg is back on ice.
2:31 of 3rd period - Minor Penalty to Simon Gagné for Tripping.
2:32 of 3rd period - Jan Bulis wins face-off versus Denis Arkhipov in Penguins zone.
2:48 of 3rd period - Backhand shot by Branislav Mezei.
2:48 of 3rd period - Goal by Branislav Mezei - Blue Jackets : 3 - Penguins : 3.
2:49 of 3rd period - Ryan Kesler wins face-off versus Marc Savard in neutral zone.
3:19 of 3rd period - Snap shot by Simon Gagné.
3:19 of 3rd period - Shot Blocked by Branislav Mezei.
3:21 of 3rd period - Snap shot by Steven Stamkos.
3:21 of 3rd period - Stopped by Mathieu Garon with a rebound.
3:23 of 3rd period - Wrist shot by Steven Stamkos.
3:23 of 3rd period - Shot Blocked by Blake Wheeler.
4:41 of 3rd period - Snap shot by Jan Bulis.
4:41 of 3rd period - Shot Blocked by Steven Stamkos.
4:43 of 3rd period - Snap shot by Marcus Nilson.
4:43 of 3rd period - Stopped by Josh Tordjman with a rebound.
4:45 of 3rd period - Snap shot by Blake Wheeler.
4:45 of 3rd period - Shot Misses the Net.
4:47 of 3rd period - Slapshot by Mike Commodore.
4:47 of 3rd period - Shot Misses the Net.
4:49 of 3rd period - Wrist shot by Blake Wheeler.
4:49 of 3rd period - Shot Misses the Net.
5:25 of 3rd period - Slapshot by David Booth.
5:25 of 3rd period - Deflect By Marc Savard.
5:25 of 3rd period - Stopped by Josh Tordjman with a rebound.
5:39 of 3rd period - Dave Steckel is hit by Denis Arkhipov and loses puck.
6:37 of 3rd period - Slapshot by Branislav Mezei.
6:37 of 3rd period - Deflect By Jeff Taffe.
6:37 of 3rd period - Stopped by Josh Tordjman with a rebound.
7:36 of 3rd period - Wrist shot by Raffi Torres.
7:36 of 3rd period - Shot Blocked by Branislav Mezei.
8:06 of 3rd period - Snap shot by Dave Steckel.
8:06 of 3rd period - Deflect By Jason Ward.
8:06 of 3rd period - Stopped by Josh Tordjman without a rebound.
8:07 of 3rd period - Marc Savard wins face-off versus Ryan Kesler in Penguins zone.
8:14 of 3rd period - Wrist shot by David Booth.
8:14 of 3rd period - Shot Misses the Net.
8:57 of 3rd period - Off-side.
8:58 of 3rd period - Chris Kelly wins face-off versus Ryan Kesler in neutral zone.
10:06 of 3rd period - Steven Stamkos is hit by Marcus Nilson and loses puck.
10:29 of 3rd period - Nathan Horton is hit by Brad Stuart and loses puck.
11:24 of 3rd period - Snap shot by Nathan Horton.
11:24 of 3rd period - Shot Misses the Net.
11:58 of 3rd period - Snap shot by A.J Thelen.
11:58 of 3rd period - Deflect By Nathan Horton.
11:58 of 3rd period - Stopped by Josh Tordjman with a rebound.
12:04 of 3rd period - Slapshot by Marcus Nilson.
12:04 of 3rd period - Deflect By Jan Bulis.
12:04 of 3rd period - Stopped by Josh Tordjman with a rebound.
12:06 of 3rd period - Slapshot by Jan Bulis.
12:06 of 3rd period - Shot Misses the Net.
12:14 of 3rd period - Wrist shot by Nathan Horton.
12:14 of 3rd period - Shot Blocked by Mike Commodore.
12:20 of 3rd period - Snap shot by Simon Gagné.
12:20 of 3rd period - Shot Misses the Net.
12:52 of 3rd period - Wrist shot by Blake Wheeler.
12:52 of 3rd period - Shot Blocked by Sean Zimmerman.
12:54 of 3rd period - Snap shot by A.J Thelen.
12:54 of 3rd period - Shot Blocked by Sean Zimmerman.
12:58 of 3rd period - Wrist shot by Blake Wheeler.
12:58 of 3rd period - Shot Misses the Net.
13:16 of 3rd period - Mike Commodore is hit by Nathan Horton and loses puck.
13:17 of 3rd period - Mike Commodore from Blue Jackets is injured at 13:17 of 3rd period (Left Knee).
13:18 of 3rd period - Marc Savard wins face-off versus Ryan Kesler in Blue Jackets zone.
13:31 of 3rd period - Snap shot by Marc Savard.
13:31 of 3rd period - Shot Misses the Net.
13:33 of 3rd period - Snap shot by Marc Savard.
13:33 of 3rd period - Shot Misses the Net.
13:48 of 3rd period - Off-side.
13:49 of 3rd period - Peter Forsberg wins face-off versus Jan Bulis in neutral zone.
14:00 of 3rd period - Wrist shot by Darren Reid.
14:00 of 3rd period - Shot Misses the Net.
14:14 of 3rd period - François Beauchemin is hit by Dustin Penner and loses puck.
14:21 of 3rd period - Wrist shot by Bobby Ryan.
14:21 of 3rd period - Stopped by Mathieu Garon with a rebound.
14:41 of 3rd period - Wrist shot by Steven Stamkos.
14:41 of 3rd period - Stopped by Mathieu Garon without a rebound.
14:42 of 3rd period - Peter Forsberg wins face-off versus Marc Savard in Blue Jackets zone.
14:43 of 3rd period - Snap shot by Darren Reid.
14:43 of 3rd period - Stopped by Mathieu Garon with a rebound.
14:45 of 3rd period - Slapshot by Paul Ranger.
14:45 of 3rd period - Shot Misses the Net.
14:47 of 3rd period - Snap shot by Paul Ranger.
14:47 of 3rd period - Stopped by Mathieu Garon without a rebound.
14:48 of 3rd period - Peter Forsberg wins face-off versus David Booth in Blue Jackets zone.
15:01 of 3rd period - Wrist shot by Steve Sullivan.
15:01 of 3rd period - Stopped by Mathieu Garon with a rebound.
15:03 of 3rd period - Snap shot by Luke Schenn.
15:03 of 3rd period - Deflect By Peter Forsberg.
15:03 of 3rd period - Stopped by Mathieu Garon with a rebound.
15:15 of 3rd period - Wrist shot by Ramzi Abid.
15:15 of 3rd period - Shot Misses the Net.
15:17 of 3rd period - Slapshot by Chris Kelly.
15:17 of 3rd period - Stopped by Josh Tordjman with a rebound.
15:23 of 3rd period - Snap shot by Chris Kelly.
15:23 of 3rd period - Shot Misses the Net.
15:29 of 3rd period - Luke Schenn is hit by Branislav Mezei and loses puck.
15:42 of 3rd period - Snap shot by Steven Stamkos.
15:42 of 3rd period - Shot Misses the Net.
15:44 of 3rd period - Slapshot by Luke Schenn.
15:44 of 3rd period - Stopped by Mathieu Garon with a rebound.
15:46 of 3rd period - Wrist shot by Brooks Orpik.
15:46 of 3rd period - Deflect By Brad Stuart.
15:46 of 3rd period - Stopped by Mathieu Garon with a rebound.
15:48 of 3rd period - Snap shot by Brooks Orpik.
15:48 of 3rd period - Shot Misses the Net.
15:50 of 3rd period - Snap shot by Steven Stamkos.
15:50 of 3rd period - Goal by Steven Stamkos - Blue Jackets : 3 - Penguins : 4.
15:51 of 3rd period - Peter Forsberg wins face-off versus Chris Kelly in neutral zone.
15:57 of 3rd period - Minor Penalty to Chris Kelly for Hooking.
15:58 of 3rd period - Simon Gagné wins face-off versus Marc Savard in Blue Jackets zone.
17:57 of 3rd period - Penalty to Chris Kelly is over, Chris Kelly is back on ice.
18:09 of 3rd period - Icing by Brent Sopel.
18:10 of 3rd period - Chris Kelly wins face-off versus Denis Arkhipov in Penguins zone.
18:11 of 3rd period - Snap shot by Ramzi Abid.
18:11 of 3rd period - Stopped by Josh Tordjman with a rebound.
18:13 of 3rd period - Snap shot by Adam Deadmarsh.
18:13 of 3rd period - Stopped by Josh Tordjman without a rebound.
18:14 of 3rd period - Peter Forsberg wins face-off versus Chris Kelly in Penguins zone.
18:29 of 3rd period - Snap shot by Darren Reid.
18:29 of 3rd period - Goal by Darren Reid - Blue Jackets : 3 - Penguins : 5.
18:30 of 3rd period - Peter Forsberg wins face-off versus Chris Kelly in neutral zone.
18:43 of 3rd period - Snap shot by Adam Deadmarsh.
18:43 of 3rd period - Shot Misses the Net.
18:45 of 3rd period - Slapshot by Adam Deadmarsh.
18:45 of 3rd period - Goal by Adam Deadmarsh - Blue Jackets : 4 - Penguins : 5.
18:46 of 3rd period - Marc Savard wins face-off versus Denis Arkhipov in neutral zone.
19:01 of 3rd period - Blue Jackets, Mathieu Garon is pulled from the net.
19:03 of 3rd period - Snap shot by David Booth.
19:03 of 3rd period - Deflect By Marc Savard.
19:03 of 3rd period - Shot Blocked by Jay McKee.
19:03 of 3rd period - Puck is out of play.
19:04 of 3rd period - Peter Laviolette call a timeout for Blue Jackets.
19:04 of 3rd period - Denis Arkhipov wins face-off versus David Booth in Penguins zone.
19:53 of 3rd period - Snap shot by Brent Sopel.
19:53 of 3rd period - Goal by Brent Sopel - Blue Jackets : 4 - Penguins : 6.
19:53 of 3rd period - Mathieu Garon from Blue Jackets was sent back in the game.
19:54 of 3rd period - Chris Kelly wins face-off versus Bobby Ryan in neutral zone.
Goals for this period are 2 for Blue Jackets vs 3 for Penguins.
Shots for this period are 11 for Blue Jackets vs 12 for Penguins.
Output by the SimonT Hockey Simulator (STHS) for François Prévost -- Original Page W3C XHTML 1.0 Valid